 Dungeon Crawl Stone Soup version 0.32-a0-306-gfed3edf829 (webtiles) character file.

Game seed: 16026911827929264589

2029 holysushi the Nimble (level 9, -10/44 HPs)
             Began as a Vine Stalker Monk on Feb 15, 2024.
             Was a Priest of Beogh.
             Killed by divine providence
             ... invoked by Boderik the orc apostle
              (12 damage)
             ... on level 6 of the Dungeon.
             The game lasted 00:11:27 (5124 turns).

holysushi the Nimble (Vine Stalker Monk)            Turns: 5124, Time: 00:11:28

Health: -10/44     AC:  8    Str: 10    XL:     9   Next: 23%
Magic:  0/13       EV: 26    Int:  6    God:    Beogh [***...]
Gold:   898        SH:  0    Dex: 41    Spells: 12/12 levels left

rFire   . . .        z - +2 dagger (drain)
rCold   . . .        (no shield)
rNeg    . . .        p - +1 robe of the Bells {^Contam +Inv Str-4 Dex+9}
rPois   .            (no helmet)
rElec   .            A - +0 cloak
rCorr   .            f - +3 pair of gauntlets of War {Slay+5}
SInv    .            (no boots)
Will    +....        w - amulet "Peawn" {Faith Int-4 Dex+5}
Stlth   ++++         k - +6 ring of dexterity
HPRegen 1.07/turn    (no ring)
MPRegen 0.13/turn

%: guardian spirit, faith
@: studying Dodging, invisible
A: fangs 3, regeneration 1, magic shield, antimagic bite, no potion heal 2
a: Renounce Religion, Evoke Invisibility, Smiting


You were on level 6 of the Dungeon.
You worshipped Beogh.
Beogh was most pleased with you.
You visited 1 branch of the dungeon, and saw 6 of its levels.
You also visited: Sewer.

You collected 2887 gold pieces.
You spent 1989 gold pieces at shops.

Inventory:

Hand Weapons
 a - a +3 dagger of venom
 b - a +0 orcbow
 e - a +0 short sword
 v - a +0 heavy rapier
 z - a +2 dagger of draining (weapon)
Armour
 f - the +3 pair of gauntlets of War (worn) {Slay+5}
   (You acquired it in a sewer)

   Slay+5:    It affects your accuracy & damage with ranged weapons and melee
   (+5).
 l - a +0 leather armour of fire resistance
 p - the +1 robe of the Bells (worn) {^Contam +Inv Str-4 Dex+9}
   (You found it on level 3 of the Dungeon)

   Str-4:     It affects your strength (-4).
   Dex+9:     It affects your dexterity (+9).
   +Inv:      It lets you turn invisible.
   ^Contam:   It causes magical contamination when unequipped.
 x - a +0 robe
 A - a +0 cloak (worn)
Jewellery
 k - a +6 ring of dexterity (left hand)
 w - the amulet "Peawn" (around neck) {Faith Int-4 Dex+5}
   (You acquired it on level 5 of the Dungeon)

   [amulet of faith]

   Faith:     It allows you to gain divine favour quickly.
   Int-4:     It affects your intelligence (-4).
   Dex+5:     It affects your dexterity (+5).
Scrolls
 g - a scroll of revelation
 h - a scroll of blinking
 m - a scroll of fog
 n - a scroll of amnesia
 o - 3 scrolls of teleportation
 r - 2 scrolls of identify
 y - a scroll of poison
Potions
 c - 2 potions of ambrosia
 d - 4 potions of curing
 j - a potion of magic
 q - 2 potions of lignification
 t - 2 potions of degeneration
 u - 2 potions of attraction
 B - a potion of heal wounds
 C - a potion of might
 D - 2 potions of cancellation


   Skills:
 + Level 3.6 Fighting
 - Level 7.1 Short Blades
 + Level 9.5 Dodging
 - Level 2.6 Stealth
 + Level 2.3 Spellcasting


You had 12 spell levels left.
You didn't know any spells.
Your spell library contained the following spells:

 Spells                   Type           Power      Damage    Failure   Level
 Ensorcelled Hibernation  Hex/Ice        0%         N/A       52%         2
 Fugue of the Fallen      Necr           0%         N/A       75%         3
 Hailstorm                Conj/Ice       0%         3d5       75%         3
 Summon Ice Beast         Ice/Summ       0%         N/A       75%         3
 Anguish                  Hex/Necr       0%         N/A       98%         4
 Summon Blazeheart Golem  Fire/Summ      0%         N/A       98%         4
 Sculpt Simulacrum        Ice/Alch       0%         N/A       100%        6
 Orb of Destruction       Conj           0%         9d5       100%        7
 Spellforged Servitor     Conj/Summ      0%         N/A       100%        7


Dungeon Overview and Level Annotations

Branches:
Dungeon (6/15) Zot: 26377  Temple (0/1) D:4           Sewer (visited)

Altars:
Hepliaklqana

Shops:
D:3 =   D:5 :   D:6 !


Innate Abilities, Weirdness & Mutations

Your facial features look somewhat orcish.
You have razor-sharp teeth.
Your natural rate of healing is unusually fast.
When hurt, damage is shared between your health and your magic reserves.
Your bite disrupts and absorbs the magic of your enemies.
Potions cannot restore your health.


Message History

You start waiting.
Boderik is nearby!
Boderik mumbles some strange prayers to Beogh against you.
Beogh smites you!
You hit Boderik but do no damage. Your bite misses Boderik.
Boderik mumbles some strange prayers to Beogh against you.
Beogh smites you!
You hit Boderik. You bite Boderik. You drain their power.
You feel invigorated.
Boderik is lightly wounded.
Boderik misses you.
You closely miss Boderik. Your bite misses Boderik.
Boderik is lightly wounded.
You puncture Boderik! You bite Boderik, but do no damage.
Boderik is moderately wounded.
Boderik completely misses you.
You puncture Boderik! You drain Boderik.
Boderik is heavily wounded.
Boderik calls down the wrath of Beogh upon you.
Beogh smites you!
You miss Boderik. You bite Boderik. You drain their power.
You feel invigorated.
Boderik is heavily wounded.
You hit Boderik. Your bite misses Boderik.
Boderik is heavily wounded.
Boderik mumbles some strange prayers to Beogh against you.
Beogh smites you!
* * * LOW HITPOINT WARNING * * *
You completely miss Boderik. Your bite misses Boderik.
Boderik is heavily wounded.
Boderik hits you with the +8 trident "Rouse" {antimagic, rCorr Str+5}.
* * * LOW HITPOINT WARNING * * *
You feel your power leaking away.
You fade into invisibility!
Boderik calls down the wrath of Beogh upon you.
Beogh smites you!
* * * LOW HITPOINT WARNING * * *
Boderik invokes the aid of Beogh against you.
Beogh smites you!
You die...
Beogh appreciates Boderik's killing of a heretic priest.

...# #.###...........#
...#####.###...........#
.....†....##..<........#
..........##...........#
......)...##...........#
###........###.....#####
#........# ####..#
##########.######..#
............#...@..#
#############.####o#
.......#.#
.........######.#
##.#.#..........#
#......##### #.####.# #.
###.##### #. #.......#


You could see Boderik the orc apostle (drained, divinely empowered).

Vanquished Creatures
  A water moccasin (D:6)
  An ice beast (D:5)
  A black bear (D:4)
  An ogre (D:5)
  A centaur (D:5)
  2 kobold brigands (D:6)
  3 bullfrogs
  2 scorpions
  5 wights (D:6)
  2 jellies
  A bombardier beetle (D:4)
  5 hounds
  4 iguanas
  2 orc wizards
  10 adders
  A white imp (D:5)
  6 ufetubi
  3 ribbon worms
  12 dart slugs
  12 orcs
  12 endoplasms
  14 giant cockroaches
  10 goblins
  13 hobgoblins
  4 jackals (D:2)
  A quokka (D:1)
  18 ball pythons
  4 bats
  9 frilled lizards
  17 kobolds
  7 rats
184 creatures vanquished.

Notes
Turn   | Place    | Note
-------+----------+-------------------------------------------
     0 | D:1      | holysushi the Vine Stalker Monk began the quest for the
                  | Orb.
     0 | D:1      | Reached XP level 1. HP: 11/11 MP: 2/2
    56 | D:1      | Reached XP level 2. HP: 16/16 MP: 1/3
   214 | D:1      | Reached XP level 3. HP: 15/19 MP: 2/4
   329 | D:1      | Found a faded altar of an unknown god.
   432 | D:1      | Reached XP level 4. HP: 22/23 MP: 3/5
  1093 | D:2      | You fall into a shaft and drop 1 floor!
  1097 | D:3      | Found Pifeam's Jewellery Shop.
  1106 | D:3      | Reached skill level 5 in Short Blades
  1106 | D:3      | Reached XP level 5. HP: 23/27 MP: 3/6
  2225 | D:3      | Reached XP level 6. HP: 32/32 MP: 7/7
  2237 | D:3      | Identified the +1 robe of the Bells {^Contam +Inv Str-4
                  | Dex+9}
  2682 | D:4      | Found a glowing drain.
  2719 | Sewer    | Entered a sewer
  2744 | Sewer    | Reached skill level 3 in Dodging
  2898 | Sewer    | Reached skill level 1 in Stealth
  2978 | Sewer    | Reached XP level 7. HP: 19/35 MP: 5/8
  3023 | Sewer    | Identified 2 scrolls of acquirement
  3023 | Sewer    | Acquired the +3 pair of gauntlets of War {Slay+5}
  3023 | Sewer    | Found the +3 pair of gauntlets of War {Slay+5}
  3030 | Sewer    | Acquired 1277 gold pieces
  3118 | D:3      | Bought a +6 ring of dexterity for 504 gold pieces
  3188 | D:4      | Found a staircase to the Ecumenical Temple.
  3611 | D:4      | Reached skill level 4 in Dodging
  3634 | D:4      | Became a worshipper of Beogh the Shepherd
  3634 | D:4      | Reached * piety under Beogh
  3634 | D:4      | Reached ** piety under Beogh
  3748 | D:5      | Entered Level 5 of the Dungeon
  3808 | D:5      | Found a hazy altar of Hepliaklqana.
  3910 | D:5      | Acquired the amulet "Peawn" {Faith Int-4 Dex+5}
  3917 | D:5      | Acquired 479 gold pieces
  3919 | D:5      | Acquired 859 gold pieces
  3928 | D:5      | Found Adasoson's Self-Improvement Boutique.
  3937 | D:5      | Bought a manual of Dodging for 960 gold pieces
  3944 | D:5      | Gained mutation: You have razor-sharp teeth. [Vine Stalker
                  | growth]
  3944 | D:5      | Reached XP level 8. HP: 38/39 MP: 9/9
  4057 | D:5      | Reached skill level 5 in Dodging
  4284 | D:5      | Reached skill level 6 in Dodging
  4480 | D:6      | Reached skill level 7 in Dodging
  4535 | D:6      | Reached skill level 8 in Dodging
  4550 | D:6      | Reached skill level 9 in Dodging
  4682 | D:6      | Reached skill level 1 in Spellcasting
  4682 | D:6      | Reached XP level 9. HP: 43/43 MP: 9/11
  4845 | D:6      | Found Itugum's Distillery.
  4858 | D:6      | Bought a potion of heal wounds for 75 gold pieces
  4858 | D:6      | Bought a potion of might for 60 gold pieces
  4858 | D:6      | Bought a potion of degeneration for 15 gold pieces
  4858 | D:6      | Bought a potion of curing for 45 gold pieces
  4858 | D:6      | Bought a potion of lignification for 45 gold pieces
  4858 | D:6      | Bought a potion of attraction for 45 gold pieces
  4858 | D:6      | Bought 2 potions of cancellation for 240 gold pieces
  5084 | D:6      | Reached *** piety under Beogh
  5103 | D:6      | Identified the +8 trident "Rouse" {antimagic, rCorr Str+5}
  5103 | D:6      | Noticed Boderik
  5123 | D:6      | HP: 1/44 [Boderik the orc apostle/divine providence (10)]
  5124 | D:6      | Killed from afar by Boderik the orc apostle

Illustrated notes

Levels and vault maps discovered:
D:1:      erik_arrival_cave_to_civilisation [erik_arrival_cave_to_hall],
          layout_basic, nicolae_ecumenical_snake_handling,
          hangedman_feature_mirror
D:2:      layout_basic, chequers_serial_rivers_small_b
D:3:      layout_basic, serial_aquarium, aquarium_bridge_square
          [aquarium_subvault_bridge, aquarium_subvault_window,
          aquarium_subvault_wall, aquarium_subvault_wall],
          aquarium_window_corridor_2, aquarium_window_1, aquarium_window_1,
          aquarium_window_fake, aquarium_view_2d, aquarium_balcony_3a,
          aquarium_pool_five, serial_shops, nicolae_shop_gaudy_bauble
D:4:      layout_basic, minmay_temple_entry_ruins,
          mainiacjoe_sewer_entry_somewhere_in_here_1, minivault_19,
          chequers_serial_rivers_large_b
D:5:      layout_basic, mainiacjoe_overflow_brackets, nicolae_shop_self_help
D:6:      layout_basic, grunt_temple_overflow_lords_of_destruction,
          serial_shops, shop

Skill      XL: |  1  2  3  4  5  6  7  8  9 |
---------------+----------------------------+-----
Short Blades   | 3 4 5 6 7 |  7.1
Dodging        | 3 4 9 |  9.5
Stealth        | 2 |  2.6
Spellcasting   | 1 2 |  2.3
Fighting       | 3 |  3.6

Action                     |  1- 3 |  4- 6 |  7- 9 || total
---------------------------+-------+-------+-------++-------
  Melee: Short sword       |    64 |       |       ||    64
         Bite              |    18 |    85 |    53 ||   156
         Dagger            |    22 |   313 |   151 ||   486
 Invoke: Convert to Beogh  |       |       |     1 ||     1
    Use: Scroll            |       |     2 |    13 ||    15
         Potion            |       |       |     1 ||     1
   Stab: Sleeping          |     3 |     5 |     8 ||    16
 Armour: Robe              |    47 |    70 |    37 ||   154
         Leather armour    |       |    38 |       ||    38
  Dodge: Dodged            |    47 |   181 |   138 ||   366

Table legend: (Time is in decaauts)
 A = Elapsed time spent in this place.
 B = Non-inter-level travel time spent in this place.
 C = Inter-level travel time spent in this place.
 D = Time resting spent in this place.
 E = Time spent auto-exploring this place.
 F = Levels seen in this place.
 G = Mean time per level.
                   A        B        C        D        E       F      G
               +--------+--------+--------+--------+--------+-----+--------+
         Total |   5067 |   4786 |    281 |     71 |   3140 |   7 |  723.9 |
       Dungeon |   4710 |   4429 |    281 |     62 |   3119 |   6 |  785.0 |
         Sewer |    356 |    356 |      0 |      9 |     20 |   1 |  356.0 |
               +--------+--------+--------+--------+--------+-----+--------+

Top non-repeatable levels by time:
     D:2: 862 daAuts
     D:1: 858 daAuts
     D:3: 855 daAuts
     D:4: 801 daAuts
     D:5: 711 daAuts
     D:6: 621 daAuts
   Sewer: 356 daAuts
